[Event "Kvibergspelen 2018"]
[Site "Prioritet Serneke Arena, Krutvagen 2, Gothenburg, Sweden"]
[Date "2018.04.22"]
[Round "7.7"]
[White "Brynell, Stellan"]
[Black "Crevatin, Leo"]
[Result "1/2-1/2"]
[TimeControl "15 minutes + 5 seconds per move from move one (Round 1 - 4) / 90 minutes + 30 seconds per move from move one (Round 5 - 8)"]
[WhiteTitle "GM"]
[WhiteFideId "1700219"]
[BlackFideId "1726307"]
[WhiteElo "2420"]
[BlackElo "2157"]

1. e4 Nf6 2. e5 Nd5 3. c4 Nb6 4. c5 Nd5 5. Bc4 e6 6. d4 b6 7. cxb6 axb6 8. Nf3 Bb4+ 9. Bd2 Qe7 10.
O-O Bxd2 11. Bxd5 exd5 12. Qxd2 O-O 13. Nc3 c6 14. Qf4 Na6 15. Rfe1 Nc7 16. Qg3 Ne6 17. a3 Ba6 18. Rad1 Rad8 19.
Nh4 f5 20. exf6 Qxf6 21. Nf3 d6 22. Re3 Rfe8 23. Rde1 b5 24. Ng5 Nc7 25. Rxe8+ Rxe8 26. Rxe8+ Nxe8 27. Qe3 Nc7 28. h3 Bc8 29.
Nf3 Bf5 30. g4 Bg6 31. Kg2 Ne6 32. Kg3 h5 33. Ne2 hxg4 34. hxg4 Be4 35. Nf4 Nxf4 36. Qxf4 c5 37. Qxf6 gxf6 38.
Kf4 Kf7 39. Nd2 Bc2 40. Ke3 Ke6 41. f3 Bd1 42. Kd3 Kf7 43. Ke3 Ke6 44. b4 cxd4+ 45. Kxd4 Be2 46. Ke3 Bd1 47. f4 Bxg4 48.
Nb3 Ke7 49. Nd4 Bd7 50. Ne2 f5 51. Kd4 Bc6 52. Nc3 Ke6 53. Nd1 Bd7 54. Ne3 Bc6 55. Kc3 Bd7 56. Nc2 Ke7 57. Nd4 Kf6 58.
a4 bxa4 59. b5 Bxb5 60. Nxb5 Kg6 61. Nc7 Kh5 62. Nxd5 Kg4 63. Kb4 Kf3 64. Kxa4 Ke4 65. Ne7 Kxf4 66. Kb3 Ke4 67. Kc3 f4 68.
Kd2 Kf3 69. Nd5 Kg3 70. Nxf4 Kxf4 71. Kd3 Ke5 72. Ke3 d5 73. Kd3 d4 74. Kd2 Ke4 75. Ke2 d3+ 76. Kd2 Kd4 77. Kd1 Kc3 78.
Kc1 d2+ 79. Kd1 Kd3 1/2-1/2

[Event "Kvibergspelen 2018"]
[Site "Prioritet Serneke Arena, Krutvagen 2, Gothenburg, Sweden"]
[Date "2018.04.22"]
[Round "7.8"]
[White "Bjorklund, Thomas"]
[Black "Arman, Deniz"]
[Result "0-1"]
[TimeControl "15 minutes + 5 seconds per move from move one (Round 1 - 4) / 90 minutes + 30 seconds per move from move one (Round 5 - 8)"]
[BlackTitle "FM"]
[WhiteFideId "1724576"]
[BlackFideId "6302106"]
[WhiteElo "2156"]
[BlackElo "2359"]

1. e4 c5 2. c3 d5 3. Bb5+ Bd7 4. Bxd7+ Qxd7 5. exd5 Qxd5 6. Qf3 Qd7 7. Ne2 Nc6 8. d4 Nf6 9. O-O cxd4 10.
Nxd4 Nxd4 11. cxd4 Qd5 12. Qf4 e6 13. Nc3 Qd7 14. Qf3 Be7 15. Bg5 Nd5 16. Nxd5 Qxd5 17. Qxd5 exd5 18. Bxe7 Kxe7 19.
f3 Rac8 20. Rac1 Kd6 21. Kf2 Rc4 22. Ke3 Rhc8 23. Rxc4 dxc4 24. Kd2 Re8 25. Rc1 Kd5 26. b3 b5 27. bxc4+ bxc4 28. Rb1 Re7 29.
Kc3 Re3+ 30. Kd2 Ra3 31. Rb7 Rxa2+ 32. Kc3 Ra3+ 33. Kc2 Kxd4 34. Rd7+ Ke3 35. Re7+ Kd4 36. Rd7+ Ke5 37. Rxf7 Ra2+ 38.
Kc3 Rxg2 39. Rxa7 Kf6 40. Kxc4 Rxh2 41. Kd3 h5 42. Ke3 Rg2 43. Ra5 g6 44. Ra6+ Kg5 45. Ra4 h4 46. Ra5+ Kf6 47.
Ra4 g5 48. Ra6+ Kf5 49. Rh6 Ra2 50. Rh8 Ra3+ 51. Kf2 Ra2+ 52. Ke3 Rb2 53. Rh6 Rh2 54. Ra6 Rh1 55. Rh6 Re1+ 56. Kf2 Re8 57.
Ra6 Re6 58. Ra8 Rb6 59. Rh8 Rb2+ 60. Ke3 Rb3+ 61. Kf2 Rb4 62. Rh6 Rc4 63. Ra6 Rc2+ 64. Ke3 h3 65. Rh6 h2 66. Rh8 Rg2 0-1

[Event "Kvibergspelen 2018"]
[Site "Prioritet Serneke Arena, Krutvagen 2, Gothenburg, Sweden"]
[Date "2018.04.22"]
[Round "7.9"]
[White "Johansson, Gunnar"]
[Black "Rydstrom, Tom"]
[Result "1-0"]
[TimeControl "15 minutes + 5 seconds per move from move one (Round 1 - 4) / 90 minutes + 30 seconds per move from move one (Round 5 - 8)"]
[BlackTitle "FM"]
[WhiteFideId "1703501"]
[BlackFideId "1714830"]
[WhiteElo "2212"]
[BlackElo "2357"]

1. d4 g6 2. e4 Bg7 3. c4 Nc6 4. Nf3 e5 5. dxe5 Nxe5 6. Nxe5 Bxe5 7. Be2 Qh4 8. Qd3 d6 9. g3 Qe7 10.
Nc3 c6 11. Bd2 Be6 12. O-O f5 13. f4 Bg7 14. Bf3 Nf6 15. Rfe1 O-O-O 16. exf5 gxf5 17. Qe3 Rde8 18. Qxa7 Qc7 19.
b3 Nd7 20. Rad1 h5 21. Na4 Qb8 22. Qxb8+ Kxb8 23. Bb4 d5 24. cxd5 Bxd5 25. Bxd5 cxd5 26. Rxd5 Rxe1+ 27. Bxe1 Kc7 28.
Rxf5 1-0

[Event "Kvibergspelen 2018"]
[Site "Prioritet Serneke Arena, Krutvagen 2, Gothenburg, Sweden"]
[Date "2018.04.22"]
[Round "7.10"]
[White "Troberg Eskola, Love"]
[Black "Sorensen, Hampus"]
[Result "1-0"]
[TimeControl "15 minutes + 5 seconds per move from move one (Round 1 - 4) / 90 minutes + 30 seconds per move from move one (Round 5 - 8)"]
[WhiteFideId "1724185"]
[BlackFideId "8703884"]
[WhiteElo "2045"]
[BlackElo "2243"]

1. e4 e5 2. Nf3 Nc6 3. Bb5 a6 4. Ba4 Nf6 5. d4 exd4 6. O-O Be7 7. Re1 b5 8. Bb3 d6 9. Bd5 Nxd5 10.
exd5 Ne5 11. Nxd4 Bd7 12. Nc3 O-O 13. a4 bxa4 14. Nxa4 Re8 15. Nc3 Qb8 16. b3 Qb7 17. Bb2 Bf8 18.
Qd2 Ng6 19. Red1 Ne7 20. Ra5 h6 21. Rda1 c6 22. dxc6 Nxc6 23. Nxc6 Bxc6 24. Nd5 Bxd5 25. Rxd5 Re2 26. Qxe2 Qxd5 27.
h3 Qc6 28. c4 Rb8 29. Qd3 Rb6 30. Bd4 Rb4 31. Bb2 Qb7 32. Ra3 Qc6 33. Bc3 Rb8 34. b4 Rc8 35. b5 axb5 36. cxb5 Qc5 37.
Bd4 Qc1+ 38. Kh2 d5 39. Rb3 Bd6 40. g3 Bb8 41. b6 Re8 42. Rc3 Qg5 43. b7 Qe7 44. Rc8 Qd7 45. Qc3 f6 46.
Bb6 Kf7 47. Rxe8 Qxe8 48. Qc8 Bxg3 49. Kxg3 Qe5+ 50. f4 Qe1+ 51. Bf2 Qe4 52. Qd7+ Kg6 53. Qg4+ Kh7 54. b8=Q Qd3+ 55. Kh2 f5 56.
Qg3 Qb1 57. Qxb1 1-0

[Event "Kvibergspelen 2018"]
[Site "Prioritet Serneke Arena, Krutvagen 2, Gothenburg, Sweden"]
[Date "2018.04.22"]
[Round "7.11"]
[White "Naslund, Mikael"]
[Black "Rasti, Arvin"]
[Result "1/2-1/2"]
[TimeControl "15 minutes + 5 seconds per move from move one (Round 1 - 4) / 90 minutes + 30 seconds per move from move one (Round 5 - 8)"]
[WhiteTitle "FM"]
[WhiteFideId "1708260"]
[BlackFideId "1741160"]
[WhiteElo "2224"]
[BlackElo "1920"]

1. d4 d5 2. Bf4 Nf6 3. e3 Bf5 4. Nd2 e6 5. c3 c6 6. Qb3 Qb6 7. h3 Nbd7 8. Ngf3 h6 9. Be2 Be7 10.
g4 Be4 11. Nxe4 Nxe4 12. h4 O-O-O 13. Qxb6 axb6 14. h5 Bd6 15. Bxd6 Nxd6 16. O-O-O Ne4 17. Rh2 Kc7 18. Rg1 Ng5 19.
Nd2 f6 20. f4 Nf7 21. Bd3 Rde8 22. Bg6 Re7 23. Rf2 Nf8 24. e4 Nxg6 25. hxg6 Nd6 26. e5 Ne8 27. Rh1 Rf8 28. Rhf1 f5 29.
gxf5 exf5 30. Rh1 Kd7 31. Nf1 Ke6 32. Ne3 b5 33. Kd2 b6 34. b4 Ra7 35. Kd3 Nc7 36. Rh5 Ra3 37. Rfh2 Na6 38.
Rb2 Nc7 1/2-1/2

[Event "Kvibergspelen 2018"]
[Site "Prioritet Serneke Arena, Krutvagen 2, Gothenburg, Sweden"]
[Date "2018.04.22"]
[Round "7.12"]
[White "Johansson, Roy"]
[Black "Ronneland, Daniel"]
[Result "0-1"]
[TimeControl "15 minutes + 5 seconds per move from move one (Round 1 - 4) / 90 minutes + 30 seconds per move from move one (Round 5 - 8)"]
[WhiteFideId "1745972"]
[BlackFideId "1702130"]
[WhiteElo "1841"]
[BlackElo "2201"]

1. d4 Nf6 2. Bf4 d6 3. e3 g6 4. h3 Bg7 5. Nf3 O-O 6.
Be2 b6 7. O-O Bb7 8. Nbd2 Nbd7 9. a4 a5 10. c3 Re8 11. Bh2 e5 12. Nc4 e4 13. Nfd2 Qe7 14. b4 Nd5 15. Qb3 Bc6 16.
bxa5 bxa5 17. Na3 N7b6 18. Nb5 Reb8 19. c4 Nb4 20. c5 Nc8 21. Rac1 Rb7 22. cxd6 Nxd6 23. Rc5 Bf8 24. Rfc1 Bxb5 25.
axb5 Qd7 26. Nc4 Nxc4 27. R5xc4 a4 28. Qb1 Nd5 29. Qxe4 a3 30. Rxc7 Rxc7 31. Rxc7 Nxc7 32. Bxc7 Rc8 33.
Be5 a2 34. d5 Rc1+ 35. Kh2 Bd6 36. b6 a1=Q 37. b7 Qxe5 0-1

[Event "Kvibergspelen 2018"]
[Site "Prioritet Serneke Arena, Krutvagen 2, Gothenburg, Sweden"]
[Date "2018.04.22"]
[Round "7.13"]
[White "Muntean, Victor"]
[Black "Fransson, Patrick"]
[Result "0-1"]
[TimeControl "15 minutes + 5 seconds per move from move one (Round 1 - 4) / 90 minutes + 30 seconds per move from move one (Round 5 - 8)"]
[WhiteFideId "1054414"]
[BlackFideId "1709305"]
[WhiteElo "1846"]
[BlackElo "2176"]

1. e4 c6 2. d4 d5 3. exd5 cxd5 4. c4 Nf6 5. Nc3 e6 6. Nf3 Nc6 7. c5 Be7 8. a3 Ne4 9. Qc2 f5 10.
b4 Bf6 11. Be3 O-O 12. O-O-O Bd7 13. b5 Ne7 14. Nxe4 fxe4 15. Nd2 Qa5 16. Qb2 Rac8 17. Nb3 Qa4 18. c6 bxc6 19. Nc5 cxb5 20.
Qb4 Qa6 21. Kd2 Qc6 22. Nxd7 Qxd7 23. Bxb5 Qd8 24. Rc1 Nf5 25. Rxc8 Qxc8 26. Rc1 Qd8 27. Ba6 Be7 28. Qa4 Bg5 29. Rc8 Bxe3+ 30. fxe3 Qg5 31.
Rxf8+ Kxf8 32. Qb4+ Kf7 33. Qb3 Qxg2+ 34. Kc3 Qf2 0-1

[Event "Kvibergspelen 2018"]
[Site "Prioritet Serneke Arena, Krutvagen 2, Gothenburg, Sweden"]
[Date "2018.04.22"]
[Round "7.14"]
[White "Wengholm, Anders"]
[Black "Berg, Roy"]
[Result "1-0"]
[TimeControl "15 minutes + 5 seconds per move from move one (Round 1 - 4) / 90 minutes + 30 seconds per move from move one (Round 5 - 8)"]
[WhiteFideId "1704818"]
[BlackFideId "1711458"]
[WhiteElo "2158"]
[BlackElo "1961"]

1. Nf3 Nf6 2. c4 c6 3. e3 d5 4. b3 Bf5 5. Bb2 e6 6. h3 Bg6 7. Ne5 Nbd7 8. Nxg6 hxg6 9. g4 g5 10.
Bg2 Bd6 11. Nc3 Qe7 12. Qe2 Ba3 13. Bxa3 Qxa3 14. f4 gxf4 15. exf4 d4 16. Nd1 Qd6 17. O-O O-O-O 18. Qf2 Nc5 19.
Nb2 a5 20. Rae1 Rde8 21. Qg3 g5 22. Qf3 Nh7 23. a3 Re7 24. b4 axb4 25. axb4 Nd7 26. c5 Qc7 27. Nc4 Qxf4 28. Nd6+ Kc7 29.
Qd3 Ne5 30. Qa3 Qxd2 31. Rxe5 Rb8 32. Qa5+ Kd7 33. Qa7 Kc7 34. Qb6+ Kd7 35. Bxc6+ 1-0

[Event "Kvibergspelen 2018"]
[Site "Prioritet Serneke Arena, Krutvagen 2, Gothenburg, Sweden"]
[Date "2018.04.22"]
[Round "7.15"]
[White "Strom-Engdahl, Alexander"]
[Black "Kardell, Mathias"]
[Result "0-1"]
[TimeControl "15 minutes + 5 seconds per move from move one (Round 1 - 4) / 90 minutes + 30 seconds per move from move one (Round 5 - 8)"]
[WhiteFideId "1741586"]
[BlackFideId "1710109"]
[WhiteElo "1720"]
[BlackElo "2057"]

1. Nf3 d5 2. g3 Nf6 3. Bg2 Bf5 4. O-O e6 5. c4 c6 6. cxd5 exd5 7. d3 Bc5 8. Bg5 Nbd7 9. Nc3 h6 10.
Bf4 O-O 11. Rc1 Re8 12. Re1 Ng4 13. d4 Bb6 14. Qd2 Nf8 15. Na4 Ne6 16. h4 Nf6 17. Be3 Ne4 18. Qd1 Bc7 19. Nc5 N6xc5 20. dxc5 Nxg3 21. fxg3 Rxe3 22. Qd4 Qe7 23. Kf2 Re8 24. Qd2 Qf6 25. Rc3 R3e4 26. Nh2 Rd4 27. Qc1 Ba5 28. Rf3 Bxe1+ 29. Qxe1 Qe5 30. b3 Bg4 31. Nxg4 Rxg4 32. Bh3 Re4 33. Bf1 Qd4+ 34. e3 Qxc5 35. Bd3 R4e7 36. Qd2 Qd6 37. Ke2 d4 38.
e4 c5 39. Kf2 Re6 40. Bc4 Rf6 41. Qd3 a6 42. a4 Qe5 43. Bd5 Rb8 44. Qc4 Rxf3+ 45. Kxf3 Qc7 46. b4 b6 47. Qxa6 cxb4 48.
Qb5 Qc3+ 49. Kf2 Qc5 50. Qd3 Rc8 51. Qf3 Qc2+ 52. Kg1 Rc7 53. e5 Qc1+ 54. Kh2 Qe3 55. Qf5 Qd2 56. Kh3 Qc2 57.
Be4 g6 58. Qf4 Qc1 59. Qf6 Qc4 60. Kh2 Qe2 61. Bg2 Rc2 62. Kh3 Qxg2 63. Kg4 h5+ 64. Kg5 Qxg3+ 65. Kh6 Qe3 0-1

[Event "Kvibergspelen 2018"]
[Site "Prioritet Serneke Arena, Krutvagen 2, Gothenburg, Sweden"]
[Date "2018.04.22"]
[Round "7.16"]
[White "Bellon Lopez, Juan"]
[Black "Wahlund, Max"]
[Result "1/2-1/2"]
[TimeControl "15 minutes + 5 seconds per move from move one (Round 1 - 4) / 90 minutes + 30 seconds per move from move one (Round 5 - 8)"]
[WhiteTitle "GM"]
[BlackTitle "CM"]
[WhiteFideId "2200031"]
[BlackFideId "1741861"]
[WhiteElo "2352"]
[BlackElo "2073"]

1. d4 Nf6 2. Bg5 c5 3. d5 g6 4. Bxf6 exf6 5. e3 d6 6. c3 h5 7. Nd2 Bh6 8. Qa4+ Nd7 9. Qe4+ Kf8 10.
g4 hxg4 11. Qxg4 f5 12. Qg2 f4 13. e4 Qe7 14. f3 Ne5 15. Nc4 Bd7 16. a4 Bg5 17. Kd1 Rh5 18. Nxe5 Qxe5 19. Bb5 Bc8 20.
a5 a6 21. Ba4 Bd8 22. Bc2 Bd7 23. Qd2 Kg7 24. Ba4 Bc8 25. Bc2 Bd7 26. Ba4 1/2-1/2

[Event "Kvibergspelen 2018"]
[Site "Prioritet Serneke Arena, Krutvagen 2, Gothenburg, Sweden"]
[Date "2018.04.22"]
[Round "7.17"]
[White "Jonsson, Krister"]
[Black "Ask, Josef"]
[Result "0-1"]
[TimeControl "15 minutes + 5 seconds per move from move one (Round 1 - 4) / 90 minutes + 30 seconds per move from move one (Round 5 - 8)"]
[BlackTitle "FM"]
[WhiteFideId "1708023"]
[BlackFideId "1704583"]
[WhiteElo "2047"]
[BlackElo "2173"]

1. d4 Nf6 2. c4 g6 3. Nc3 Bg7 4. e4 d6 5. f3 O-O 6. Be3 e5 7. Nge2 c6 8. Qd2 Nbd7 9. O-O-O a6 10.
Kb1 b5 11. Nc1 exd4 12. Bxd4 Re8 13. h4 h5 14. Be3 d5 15. cxd5 b4 16. Na4 cxd5 17. Nb3 dxe4 18. Bg5 Qe7 19.
Re1 Bb7 20. Na5 Bc8 21. Nb3 Qf8 22. Bc4 Ne5 23. Be2 Bf5 24. Ka1 Rad8 25. Qe3 exf3 26. Bxf3 Nd3 0-1

[Event "Kvibergspelen 2018"]
[Site "Prioritet Serneke Arena, Krutvagen 2, Gothenburg, Sweden"]
[Date "2018.04.22"]
[Round "7.18"]
[White "Larsson, Patrik"]
[Black "Cramling, Anna"]
[Result "1-0"]
[TimeControl "15 minutes + 5 seconds per move from move one (Round 1 - 4) / 90 minutes + 30 seconds per move from move one (Round 5 - 8)"]
[BlackTitle "WFM"]
[WhiteFideId "1713744"]
[BlackFideId "32009232"]
[WhiteElo "2006"]
[BlackElo "2168"]

1. c4 c5 2. e3 g6 3. Nf3 Bg7 4. d4 cxd4 5. exd4 Nf6 6. Nc3 O-O 7. Be2 d5 8. O-O a6 9. cxd5 Nxd5 10.
Qb3 Be6 11. Bc4 Nxc3 12. bxc3 Bxc4 13. Qxc4 b5 14. Qe2 Nc6 15. Bf4 b4 16. cxb4 Nxb4 17. Qd2 Nd5 18. Be5 Rc8 19. Bxg7 Kxg7 20.
Rac1 Qd6 21. Rxc8 Rxc8 22. Rc1 Rxc1+ 23. Qxc1 Qb4 24. h4 Nc3 25. Qe3 Nxa2 26. h5 Qd6 27. h6+ Kg8 28. Qb3 Nb4 29. Qc4 e6 30. Ng5 Nd5 31. Qc8+ Qf8 32. Qxa6 Nc7 33. Qc6 Qxh6 34. f4 f6 35.
Nxe6 Nxe6 36. Qxe6+ Kg7 37. Qe7+ Kg8 38. Qxf6 Qh5 39. Qe6+ Kf8 40. Qe5 Qd1+ 41. Kh2 Qg4 42. d5 h5 43.
d6 Qh4 44. Kg1 Kf7 45. f5 gxf5 46. Qxf5+ Kg7 47. Qe6 Qf6 48. Qxf6+ Kxf6 49. Kh2 Ke6 50. Kh3 Kxd6 51. Kh4 Ke6 52.
Kxh5 Kf5 53. g4+ Kf6 54. Kh6 Kf7 55. g5 Kg8 56. Kg6 1-0

[Event "Kvibergspelen 2018"]
[Site "Prioritet Serneke Arena, Krutvagen 2, Gothenburg, Sweden"]
[Date "2018.04.22"]
[Round "7.19"]
[White "Moller, Mikael"]
[Black "Subramanian, Aditya"]
[Result "1/2-1/2"]
[TimeControl "15 minutes + 5 seconds per move from move one (Round 1 - 4) / 90 minutes + 30 seconds per move from move one (Round 5 - 8)"]
[WhiteFideId "1738461"]
[BlackFideId "1718924"]
[WhiteElo "1962"]
[BlackElo "2128"]

1. e4 e5 2. Nf3 Nc6 3. d4 exd4 4. Nxd4 Bc5 5. Nb3 Bb6 6. Nc3 Nf6 7. Bg5 d6 8. Qe2 h6 9. Bh4 g5 10.
Bg3 Qe7 11. O-O-O Bd7 12. f3 O-O-O 13. Na4 Nh5 14. Nxb6+ axb6 15. Bf2 Ne5 16. Nd4 g4 17. Kb1 Qf6 18. Qe3 c5 19. Qb3 Kc7 20.
h3 gxh3 21. g4 Nf4 22. Bxh3 Bc6 23. Bf1 cxd4 24. Bxd4 Qe6 25. Qxb6+ Kd7 26. Bb5 Ke7 27. Bxe5 dxe5 28. Bxc6 bxc6 29.
Qc5+ Rd6 30. Rd2 Rhd8 31. Rhd1 f6 32. a4 Nh3 33. a5 Ng5 34. Rxd6 Rxd6 35. a6 Nf7 36. Rxd6 Nxd6 37. Qxc6 Nc8 38.
Qc5+ Ke8 39. a7 Nxa7 40. Qxa7 Qc4 41. Qa8+ Ke7 42. Qb7+ Ke8 43. Qb3 Qf1+ 44. Ka2 Qa6+ 45. Qa3 Qc4+ 46.
Qb3 Qa6+ 47. Qa3 Qc4+ 1/2-1/2

[Event "Kvibergspelen 2018"]
[Site "Prioritet Serneke Arena, Krutvagen 2, Gothenburg, Sweden"]
[Date "2018.04.22"]
[Round "7.20"]
[White "Dahlstrom, Rickard"]
[Black "Strom, Leif"]
[Result "0-1"]
[TimeControl "15 minutes + 5 seconds per move from move one (Round 1 - 4) / 90 minutes + 30 seconds per move from move one (Round 5 - 8)"]
[WhiteFideId "1702050"]
[BlackFideId "1709410"]
[WhiteElo "1998"]
[BlackElo "2111"]

1. d4 g6 2. c4 Bg7 3. Nc3 d6 4. e4 Nd7 5. Be3 c5 6. Nge2 Ngf6 7. f3 O-O 8. Qd2 a6 9. Nc1 Qc7 10.
Nb3 e5 11. dxc5 dxc5 12. Rd1 b6 13. Be2 Bb7 14. h4 Rfd8 15. Bg5 Nf8 16. Nd5 Bxd5 17. cxd5 c4 18. Qc3 b5 19. Na5 Rd6 20.
Nc6 N8d7 21. Be3 Nb6 22. Bc5 Rxc6 23. dxc6 Na4 24. Qa3 Qxc6 25. Be7 Ne8 26. O-O a5 27. Rd2 Bh6 28. f4 Bxf4 29.
Rc2 Qxe4 30. Qf3 Qd4+ 31. Kh1 Qa7 32. g3 Qxe7 33. Qxa8 Bxg3 34. Qe4 Nc5 35. Qd5 Qxh4 36. Kg2 Qh2+ 37.
Kf3 Ne6 38. Bd1 Ng5+ 39. Ke3 Bf4+ 40. Rxf4 Qxf4+ 41. Ke2 Ne4 42. Ke1 Qg3+ 43. Kf1 N8f6 44. Qd8+ Kg7 45. Rg2 Qf4+ 46. Kg1 h5 47.
Qxa5 h4 48. Qe1 h3 49. Rc2 Ng4 50. Bxg4 Qxg4+ 51. Kh2 Qf4 52. Kxh3 Ng5 53. Kg2 Qf3+ 54. Kg1 Qd5 55. Kf2 Nf3 56.
Qe3 e4 57. Re2 f5 58. Qa7+ Kh6 59. Qb6 Kh5 60. Qa7 Qe5 61. Qh7 Kg5 62. Kf1 Nh4 63. a3 Qf4+ 64. Ke1 Kg4 65. Qa7 Nf3+ 66.
Kd1 Qd6+ 67. Kc1 Nd4 68. Re1 Qf4+ 69. Kb1 Qd2 70. Rg1+ Kf3 71. Qh7 e3 72. Qb7+ Kf4 73. Qc7+ Ke4 74.
Qe7+ Kd3 75. Rxg6 c3 0-1

[Event "Kvibergspelen 2018"]
[Site "Prioritet Serneke Arena, Krutvagen 2, Gothenburg, Sweden"]
[Date "2018.04.22"]
[Round "8.1"]
[White "Seo, Jung Min"]
[Black "Blomqvist, Erik"]
[Result "1-0"]
[TimeControl "15 minutes + 5 seconds per move from move one (Round 1 - 4) / 90 minutes + 30 seconds per move from move one (Round 5 - 8)"]
[WhiteTitle "FM"]
[BlackTitle "GM"]
[WhiteFideId "1734687"]
[BlackFideId "1709437"]
[WhiteElo "2349"]
[BlackElo "2494"]

1. d4 Nf6 2. Nf3 d5 3. g3 e6 4.
Bg2 Be7 5. O-O O-O 6. c4 dxc4 7. Qc2 a6 8. a4 c5 9. dxc5 Bxc5 10. Qxc4 b6 11. b4 Be7 12. Nd4 Ra7 13. b5 e5 14.
Nc6 axb5 15. Nxe7+ Qxe7 16. Qxb5 Qe6 17. Be3 Bd7 18. Qxb6 Qxb6 19. Bxb6 Rxa4 20. Rxa4 Bxa4 21. Nc3 Bc6 22.
e4 Nbd7 23. Bc7 Ra8 24. Nd5 Ne8 25. Ne7+ Kf8 26. Nxc6 Nxc7 27. Rd1 Ke8 28. Bh3 Nc5 29. Nxe5 Nxe4 30. Bd7+ Ke7 31. Bc6 Ra5 32.
Rd7+ Ke6 33. Nxf7 Ne8 34. Nd8+ Kf5 35. Rf7+ N8f6 36. Rxg7 h5 37. Bxe4+ Nxe4 38. Rf7+ Kg6 39. Rf4 Ng5 40.
Kg2 Ra6 41. Rc4 Rd6 42. Rc6 1-0

[Event "Kvibergspelen 2018"]
[Site "Prioritet Serneke Arena, Krutvagen 2, Gothenburg, Sweden"]
[Date "2018.04.22"]
[Round "8.2"]
[White "Tikkanen, Hans"]
[Black "Kucuksari, Kaan"]
[Result "1-0"]
[TimeControl "15 minutes + 5 seconds per move from move one (Round 1 - 4) / 90 minutes + 30 seconds per move from move one (Round 5 - 8)"]
[WhiteTitle "GM"]
[BlackTitle "FM"]
[WhiteFideId "1706446"]
[BlackFideId "6380166"]
[WhiteElo "2486"]
[BlackElo "2251"]

1. c4 c6 2. Nf3 d5 3. e3 Nf6 4. Nc3 Nbd7 5. Qc2 e6 6. b3 Bd6 7. Bb2 O-O 8. Be2 Qe7 9. Rg1 e5 10.
g4 e4 11. Nd4 Bxh2 12. Rg2 Be5 13. g5 Bxd4 14. exd4 Ne8 15. cxd5 Nb6 16. Qxe4 Qxe4 17. Nxe4 cxd5 18. Nc3 Nc7 19.
Bd3 Ne6 20. Ne2 f5 21. f4 g6 22. Kf2 Bd7 23. Ba3 Rf7 24. Bd6 Nc8 25. Be5 Ne7 26. Nc3 Rd8 27. Rg3 a6 28. Re3 Bc8 29.
Rc1 Nc6 30. Ne2 Bd7 31. Bb1 Rff8 32. a3 Rfe8 33. b4 Rc8 34. Rec3 Nxe5 35. dxe5 Rcd8 36. d4 Kf7 37. Ke3 Rh8 38.
Rh1 h6 39. gxh6 Rh7 40. Ba2 Bb5 41. Ng1 g5 42. Nh3 gxf4+ 43. Nxf4 Nxf4 44. Kxf4 Ke6 45. Rg3 1-0

[Event "Kvibergspelen 2018"]
[Site "Prioritet Serneke Arena, Krutvagen 2, Gothenburg, Sweden"]
[Date "2018.04.22"]
[Round "8.3"]
[White "Lindberg, Bengt"]
[Black "Johansson, Gunnar"]
[Result "1-0"]
[TimeControl "15 minutes + 5 seconds per move from move one (Round 1 - 4) / 90 minutes + 30 seconds per move from move one (Round 5 - 8)"]
[WhiteTitle "IM"]
[WhiteFideId "1700359"]
[BlackFideId "1703501"]
[WhiteElo "2385"]
[BlackElo "2212"]

1. e4 c5 2. Nf3 Nc6 3. d4 cxd4 4. Nxd4 e6 5. Nc3 Qc7 6. Be3 a6 7. a3 b5 8. Bd3 Bb7 9. O-O Nf6 10.
Kh1 Nxd4 11. Bxd4 Bc5 12. Bxc5 Qxc5 13. f4 d6 14. Qe2 Nd7 15. Rae1 Qc7 16. Rf3 e5 17. Ref1 exf4 18. Rxf4 Ne5 19.
Qh5 Qe7 20. Ne2 h6 21. Nd4 g6 22. Qe2 O-O 23. Qf2 Rac8 24. h4 h5 25. Qg3 Kh7 26. Be2 Rc5 27. b4 Rc7 28. Bxh5 gxh5 29.
Rf5 Ng6 30. Rxh5 Kg8 31. Nf5 Qxe4 32. Rg5 Kh8 33. Nxd6 Qe2 34. Rf2 Qd1 35. Kh2 Rd8 36. Nxf7 Rxf7 37. Rxf7 Be4 38. Rxg6 Bxg6 39.
Qe5 Kg8 40. Qg7+ 1-0

[Event "Kvibergspelen 2018"]
[Site "Prioritet Serneke Arena, Krutvagen 2, Gothenburg, Sweden"]
[Date "2018.04.22"]
[Round "8.4"]
[White "Arman, Deniz"]
[Black "Ernst, Thomas"]
[Result "1-0"]
[TimeControl "15 minutes + 5 seconds per move from move one (Round 1 - 4) / 90 minutes + 30 seconds per move from move one (Round 5 - 8)"]
[WhiteTitle "FM"]
[BlackTitle "GM"]
[WhiteFideId "6302106"]
[BlackFideId "1700065"]
[WhiteElo "2359"]
[BlackElo "2366"]

1. e4 e5 2. Nf3 Nc6 3. Nc3 Nf6 4. d4 exd4 5. Nxd4 Bb4 6. Nxc6 bxc6 7. Bd3 d5 8. exd5 cxd5 9. O-O O-O 10.
h3 Be7 11. Qf3 c5 12. Bg5 Be6 13. Rad1 Rb8 14. b3 h6 15. Bf4 Bd6 16. Nb5 Bxf4 17. Qxf4 Rb7 18. c3 Rd7 19. b4 a6 20.
Na3 d4 21. cxd4 Rxd4 22. Qf3 Bd5 23. Qe2 Qa8 24. f3 Rxb4 25. Nc4 Re8 26. Qc2 Qb8 27. a3 Rb7 28. Rb1 Rxb1 29. Rxb1 Qf4 30.
Bf1 Nh5 31. Qd2 Qf5 32. Bd3 Qf6 33. Qe3 Qd8 34. Qxc5 Nf4 35. Bf1 Qg5 36. Kh2 Re2 37. Ne3 Rd2 38. Qc3 Ra2 39. Rb8+ Kh7 40.
Bd3 Nxd3 41. Qxd3 g6 42. Qd4 f6 43. Qa7 1-0

[Event "Kvibergspelen 2018"]
[Site "Prioritet Serneke Arena, Krutvagen 2, Gothenburg, Sweden"]
[Date "2018.04.22"]
[Round "8.6"]
[White "Hector, Jonny"]
[Black "Fransson, Patrick"]
[Result "1-0"]
[TimeControl "15 minutes + 5 seconds per move from move one (Round 1 - 4) / 90 minutes + 30 seconds per move from move one (Round 5 - 8)"]
[WhiteTitle "GM"]
[WhiteFideId "1700090"]
[BlackFideId "1709305"]
[WhiteElo "2502"]
[BlackElo "2176"]

1. e4 c6 2. Nc3 d5 3. Nf3 e6 4. d4 Nf6 5. Bd3 Nxe4 6. Nxe4 dxe4 7. Bxe4 Nd7 8. Qe2 Nf6 9. Bd3 Be7 10.
Bd2 b6 11. O-O-O Bb7 12. Ne5 Qc7 13. g4 Bd6 14. g5 Bxe5 15. dxe5 Nd5 16. h4 O-O-O 17. h5 c5 18. Rh4 Ne7 19.
c3 Kb8 20. Bf4 Bd5 21. b3 Bc6 22. Kb2 Qb7 23. Rh3 Rd7 24. Bc2 Ka8 25. Rd6 Kb8 26. Rhd3 g6 27. Rxd7 Bxd7 28. Rh3 Rc8 29.
hxg6 hxg6 30. Rh7 Be8 31. Be4 Qd7 32. Bc1 Rd8 33. a4 Qd1 34. Qxd1 Rxd1 35. a5 Kc7 36. Kc2 Rd8 37. axb6+ axb6 38.
Ba3 Rd7 39. b4 Nc6 40. bxc5 Nxe5 41. cxb6+ Kxb6 42. Rh1 Nc4 43. Rb1+ Kc7 44. Bc1 e5 45. Ra1 Kd6 46. Ra6+ Ke7 47.
Rc6 Na5 48. Rc5 Ra7 49. Rxe5+ Kd8 50. Be3 Ba4+ 51. Kc1 Nc4 52. Rd5+ Rd7 53. Bd4 Bc6 54. Bf6+ Kc7 55. Rc5 1-0

[Event "Kvibergspelen 2018"]
[Site "Prioritet Serneke Arena, Krutvagen 2, Gothenburg, Sweden"]
[Date "2018.04.22"]
[Round "8.7"]
[White "Crevatin, Leo"]
[Black "Storme, Isak"]
[Result "1/2-1/2"]
[TimeControl "15 minutes + 5 seconds per move from move one (Round 1 - 4) / 90 minutes + 30 seconds per move from move one (Round 5 - 8)"]
[BlackTitle "CM"]
[WhiteFideId "1726307"]
[BlackFideId "1728113"]
[WhiteElo "2157"]
[BlackElo "2323"]

1. d4 e6 2. c4 f5 3. g3 Nf6 4. Bg2 c6 5. Nf3 d5 6. O-O Bd6 7. b3 Qe7 8. Nc3 O-O 9. Bb2 b6 10. Rc1 Bb7 11. e3 Nbd7 12.
Nd2 a6 13. a4 Ne4 14. Ncxe4 fxe4 15. f3 exf3 16. Bxf3 c5 17. Qe2 Rae8 18. Rce1 Qd8 19. Qg2 Qa8 20. e4 cxd4 21. exd5 Ne5 22.
Be4 exd5 23. cxd5 1/2-1/2